 Dungeon Crawl Stone Soup version 0.22.1-2-g9c5b331 (webtiles) character file.

248 nightchill the Chopper (level 6, -1/56 HPs)
             Began as a Hill Orc Fighter on Nov 14, 2018.
             Slain by Crazy Yiuf
             ... wielding a +3 quarterstaff of chaos
              (9 damage)
             ... on level 3 of the Dungeon on Nov 15, 2018.
             The game lasted 00:04:19 (2626 turns).

nightchill the Chopper (Hill Orc Fighter)           Turns: 2626, Time: 00:04:20

Health: -1/56      AC:  9    Str: 20    XL:     6   Next: 12%
Magic:  6/6        EV:  7    Int:  9    God:
Gold:   155        SH:  9    Dex: 10    Spells: 5/5 levels left

rFire    . . .     SeeInvis .   a - +0 war axe
rCold    . . .     Gourm    .   c - +0 shield
rNeg     . . .     Faith    .   b - +0 scale mail
rPois    .         Spirit   .   w - +0 helmet
rElec    .         Reflect  .   (no cloak)
rCorr    .         Harm     .   h - +0 pair of gloves
MR       .....                  (no boots)
Stlth    ..........             (no amulet)
HPRegen  0.18/turn              (no ring)
MPRegen  0.10/turn              (no ring)

@: lethally poisoned (-1 -> -18)
A: no striking features
a: no special abilities


You were on level 3 of the Dungeon.
You were very hungry.

You visited 1 branch of the dungeon, and saw 3 of its levels.

You collected 155 gold pieces.

Inventory:

Hand Weapons
 a - a +0 war axe (weapon)
Missiles
 p - 130 stones (quivered)
Armour
 b - a +0 scale mail (worn)
 c - a +0 shield (worn)
 h - a +0 pair of gloves (worn)
 w - a +0 helmet (worn)
Jewellery
 i - an uncursed amulet of the gourmand {unknown}
 x - an uncursed amulet of the acrobat {unknown}
Scrolls
 e - 3 scrolls of fog {unknown}
 g - 3 scrolls of amnesia {unknown}
 k - a scroll of blinking {unknown}
 n - 3 scrolls of immolation {unknown}
 o - 2 scrolls of identify {unknown}
 r - 3 scrolls of remove curse {unknown}
 t - 3 scrolls of enchant armour {unknown}
 u - a scroll of teleportation {unknown}
 v - a scroll of random uselessness {unknown}
Potions
 d - 3 potions of might
 j - 2 potions of agility
 l - 3 potions of curing {unknown}
 m - a potion of heal wounds {unknown}
 q - a potion of degeneration {unknown}
 s - a potion of brilliance {unknown}
Comestibles
 f - 6 rations


   Skills:
 + Level 5.4 Fighting
 * Level 6.9 Axes
 - Level 3.2 Armour
 - Level 3.2 Shields


You had 5 spell levels left.
You didn't know any spells.
Your spell library was empty.

Dungeon Overview and Level Annotations

Branches:
Dungeon (3/15)

Altars:
Wu Jian
The Shining One

Annotations:
D:3 Crazy Yiuf


Message History

Crazy Yiuf is lightly wounded.
You feel sick. Crazy Yiuf closely misses you.
Crazy Yiuf hits you with a quarterstaff of chaos!
You are more poisoned.
You hit Crazy Yiuf.
Crazy Yiuf is moderately wounded.
You feel sick. Crazy Yiuf barely misses you.
You slash Crazy Yiuf!
Crazy Yiuf is severely wounded.
You feel sick. Crazy Yiuf hits you but does no damage.
You are electrocuted!
* * * LOW HITPOINT WARNING * * *
Crazy Yiuf hits you with a quarterstaff of chaos.
* * * LOW HITPOINT WARNING * * *
You are lethally poisoned!
You hit Crazy Yiuf.
Crazy Yiuf is severely wounded.
* * * LOW HITPOINT WARNING * * *
You feel sick. Crazy Yiuf completely misses you.
Crazy Yiuf hits you with a quarterstaff of chaos!
You die...

#.# #.#
###.##.......#
#.# #.#
#.#####.####
#.# ###
#.#####.# #.#
#.......# #.#
#####
######### #.#
#..)# #.#
#...# #.#
#.g.# #.# #@#
#.# ♣♣.♣ #.#
♣.♣♣ #.# ♣♣.♣
#.# ♣.♣♣ #.#
♣♣.♣♣ #.#
♣...♣♣ #.#
♣....♣ #.#
#....#


You could see Crazy Yiuf (berserk).

Vanquished Creatures
  2 orc priests (D:3)
  2 orc wizards (D:3)
  A river rat (D:3)
  2 adders (D:2)
  An ooze (D:2)
  2 worms (D:3)
  A dart slug (D:1)
  5 leopard geckos
  10 orcs (D:3)
  8 giant cockroaches
  11 goblins
  10 hobgoblins
  A quokka (D:3)
  2 ball pythons
  10 bats
  A frilled lizard (D:2)
  6 kobolds
  10 rats
85 creatures vanquished.

Notes
Turn   | Place    | Note
-------+----------+-------------------------------------------
     0 | D:1      | nightchill the Hill Orc Fighter began the quest for the
                  | Orb.
     0 | D:1      | Reached XP level 1. HP: 19/19 MP: 1/1
    46 | D:1      | Reached skill level 3 in Axes
   177 | D:1      | Reached XP level 2. HP: 20/27 MP: 2/2
   391 | D:1      | Reached skill level 4 in Axes
   391 | D:1      | Reached XP level 3. HP: 33/33 MP: 3/3
   952 | D:2      | Reached XP level 4. HP: 30/41 MP: 4/4
  1313 | D:2      | Reached skill level 5 in Axes
  1744 | D:3      | Reached XP level 5. HP: 31/47 MP: 5/5
  1746 | D:3      | Reached skill level 6 in Axes
  1778 | D:3      | Reached skill level 5 in Fighting
  1890 | D:3      | Found an ornate altar of the Wu Jian Council.
  2123 | D:3      | Found a glowing golden altar of the Shining One.
  2248 | D:3      | Reached XP level 6. HP: 50/56 MP: 6/6
  2611 | D:3      | Found a runed door.
  2615 | D:3      | Noticed Crazy Yiuf
  2626 | D:3      | Slain by Crazy Yiuf

Skill      XL: |  1  2  3  4  5 |
---------------+----------------+-----
Axes           | 3 4 5 6 |  6.9
Fighting       | 4 5 |  5.4
Armour         | |  3.2
Shields        | |  3.2

Action                   |  1- 3 |  4- 6 || total
-------------------------+-------+-------++-------
Melee: War axe           |   135 |   142 ||   277
  Eat: Chunk             |       |     5 ||     5
Armor: Scale mail        |    71 |    68 ||   139
Dodge: Dodged            |    46 |    33 ||    79
Block: Shield            |    86 |    54 ||   140
